 Dungeon Crawl Stone Soup version 0.14-a0-1637-gd423c14 (webtiles) character file.

122 ReteAZ the Cudgeler (level 4, 0/26 HPs)
             Began as a Gargoyle Skald on Dec 26, 2013.
             Killed from afar by Satan Claus (10 damage)
             ... with a snowball
             ... on Level 3 of the Dungeon.
             The game lasted 00:05:49 (2174 turns).

ReteAZ the Cudgeler (Gargoyle Skald)                Turns: 2174, Time: 00:05:50

HP   0/26        AC  7     Str 15      XL: 4   Next: 42%
MP   7/7         EV 10     Int 13      God:
Gold 41          SH  0     Dex 10      Spells:  1 memorised,  6 levels left

rFire  . . .     SeeInvis .     r - -1,+3 orc hand axe
rCold  . . .     Clarity  .     x - +0 elf leather armour
rNeg   + . .     Conserve .     (no shield)
rPois  +         rCorr    .     (no helmet)
rElec  +         rRot     +     (no cloak)
SustAb . .       Spirit   .     (no gloves)
rMut   .         Warding  .     h - +0 pair of orc boots
Saprov . . .     Stasis   .     (no amulet)
                                (no ring)
                                j - +6,+5 ring of slaying {unknown}

@: slightly resistant to hostile enchantments, very unstealthy
A: life protection 1, electricity resistance, unbreathing, petrification
resistance, AC +3
a: no special abilities


You were on level 3 of the Dungeon.
You were not hungry.

You visited 1 branch of the dungeon, and saw 3 of its levels.

You collected 41 gold pieces.

Inventory:

Hand weapons
 a - a +0,+0 mace
 k - a +0,+0 whip
 r - a -1,+3 orcish hand axe (weapon)
Armour
 b - a +0 leather armour
 h - a +0 pair of orcish boots (worn)
 x - a +0 elven leather armour (worn)
Magical devices
 q - a wand of magic darts (13)
Comestibles
 d - a bread ration
 o - 4 meat rations
 s - a pear
 u - 2 rotting chunks of hobgoblin flesh
 v - 2 chunks of worm flesh
 w - a chunk of giant newt flesh
Scrolls
 f - 2 scrolls of immolation {unknown}
 i - 3 scrolls of identify {unknown}
 n - a scroll of curse armour {unknown}
 p - a scroll of remove curse {unknown}
 t - a scroll of fear {unknown}
 y - a scroll of enchant weapon I {unknown}
Jewellery
 j - a +6,+5 ring of slaying (left hand) {unknown}
Potions
 e - 2 potions of heal wounds {unknown}
 g - a potion of confusion {unknown}
 l - 5 potions of curing {unknown}
 m - 2 potions of flight {unknown}
Books
 c - a book of Battle

   Spells                             Type                      Level
   *Infusion                          Charms                       1
   Shroud of Golubria                 Charms/Translocation         2
   Song of Slaying                    Charms                       2
   Spectral Weapon                    Hexes/Charms                 3
   Regeneration                       Charms/Necromancy            3


   Skills:
 - Level 2.1 Fighting
 + Level 4.6 Maces & Flails
 - Level 1.1 Armour
 - Level 0.7 Dodging
 - Level 2.0 Spellcasting
 - Level 3.0 Charms


You had 6 spell levels left.
You knew the following spells:

 Your Spells              Type           Power        Failure   Level  Hunger
a - Infusion              Chrm           #.....       10%         1    ##.....


Dungeon Overview and Level Annotations

Branches:
Dungeon (3/16)

Altars:
Trog

Annotations:
D:3 Satan Claus


Innate Abilities, Weirdness & Mutations

You are resistant to torment.
You are immune to poison.
Your stone body is very resilient (AC +3).
You resist negative energy.
You are resistant to electric shocks.
You can survive without breathing.
You are immune to petrification.


Message History

The orc hits you with a runed orcish hand axe!
You hit the orc.
You kill the orc!
The bat hits you but does no damage.
You whack the bat!
You kill the bat!
No target in view!
No target in view!
You see here a runed orcish hand axe.
r - a runed orcish hand axe Wield which item (- for none, * to show all)? (? for menu, Esc to quit)
r - a -1,+3 orcish hand axe (weapon)
You open the door.
Satan Claus comes into view.
He is wielding a glowing quarterstaff.
Satan Claus shouts!
Satan Claus conjures a ball of snow at you.
The snowball hits you! Satan Claus throws a snowball at you.
The snowball hits you!
You die...

#......# #.......# #......#
#.......# #......#
#.......# #......#
#.......# #......#####
#.......####.#
#......'...###............#
#......###...........######
#......# #####.......#
####'### ##@###### #...#
#.# ##.#### #.## #.....#
#..# #)...%### ##'#
#.......### ...
#.....#...### .....
#.....###<..+...@...
#.....# #####........


You could see Satan Claus.

Vanquished Creatures
  2 adders
  A worm (D:2)
  An orc (D:3)
  5 goblins
  12 hobgoblins
  4 jackals (D:1)
  5 bats
  3 giant geckos (D:1)
  3 giant newts
  14 kobolds
  A rat (D:1)
51 creatures vanquished.

Notes
Turn   | Place    | Note
--------------------------------------------------------------
     0 | D:1      | ReteAZ, the Gargoyle Skald, began the quest for the Orb.
     0 | D:1      | Reached XP level 1. HP: 12/12 MP: 3/3
   510 | D:1      | Reached XP level 2. HP: 17/17 MP: 4/4
   668 | D:1      | Reached skill level 3 in Charms
  1158 | D:1      | Reached XP level 3. HP: 19/21 MP: 6/6
  1696 | D:2      | Found a bloodstained altar of Trog.
  1897 | D:2      | Reached skill level 4 in Maces & Flails
  1979 | D:2      | Reached XP level 4. HP: 24/26 MP: 7/7
  2169 | D:3      | Noticed Satan Claus
  2174 | D:3      | Killed from afar by Satan Claus

Action                   |  1- 3 |  4- 6 || total
-------------------------+-------+-------++-------
Melee: Mace              |    42 |       ||    42
       Whip              |   156 |    25 ||   181
Evoke: Wand              |     1 |       ||     1
